 Dungeon Crawl Stone Soup version 0.17.0-28-g6e173f8 (webtiles) character file.

51 homeworkjunkie the Sneak (level 3, 0/18 HPs)
             Began as a Spriggan Assassin on Dec 1, 2015.
             Slain by a jackal (3 damage)
             ... on level 1 of the Dungeon.
             The game lasted 00:02:05 (518 turns).

homeworkjunkie the Sneak (Spriggan Assassin)         Turns: 518, Time: 00:02:05

Health: 0/18       AC:  3    Str:  7    XL:     3   Next: 58%
Magic:  4/4        EV: 17    Int: 12    God:
Gold:   140        SH:  0    Dex: 18    Spells: 0 memorised, 2 levels left

rFire  . . .     SeeInvis +     b - +0 blowgun
rCold  . . .     Clarity  .     c - +0 robe
rNeg   . . .     SustAt   .     (shield restricted)
rPois  .         Gourm    .     (helmet restricted)
rElec  .         Spirit   .     d - +0 cloak
rCorr  .         Warding  .     (gloves unavailable)
rMut   .         Stasis   .     (boots unavailable)
MR     .....                    (no amulet)
Stlth  ++++......               (no ring)
                                (no ring)

@: very quick, not resistant to hostile enchantments, stealthy
A: unfitting armour, see invisible, herbivore 3, speed 3, slow metabolism 2
a: no special abilities


You were on level 1 of the Dungeon.
You were not hungry.

You visited 1 branch of the dungeon, and saw 3 of its levels.

You collected 140 gold pieces.

Inventory:

Hand Weapons
 a - a +2 dagger
 b - a +0 blowgun (weapon)
Missiles
 e - a poisoned needle (quivered)
 f - 2 curare-tipped needles
Armour
 c - a +0 robe (worn)
 d - a +0 cloak (worn)
Scrolls
 i - a scroll of identify {unknown}
 j - a scroll of magic mapping {unknown}
 l - a scroll of blinking {unknown}
 m - a scroll of remove curse {unknown}
 n - a scroll of recharging {unknown}
Potions
 k - a potion of curing {unknown}
Comestibles
 g - 2 bread rations
 h - a royal jelly


   Skills:
 * Level 1.7 Fighting
 * Level 2.3 Short Blades
 * Level 2.2 Throwing
 * Level 1.5 Dodging
 * Level 7.6 Stealth


You had 2 spell levels left.
You didn't know any spells.

Dungeon Overview and Level Annotations

Branches:
Dungeon (3/15)

Altars:

Annotations:
D:3 DEFE's ghost, amateur SpFi


Innate Abilities, Weirdness & Mutations

You are tiny and cannot use many weapons and most armour.
You have supernaturally acute eyesight.
You are a herbivore.
You cover ground extremely quickly.
You need consume almost no food.


Message History

Press: ? - help, Shift-Dir - straight line, f/p - jackal
Aim: a jackal (severely wounded, poisoned)
You shoot a poisoned needle. The poisoned needle misses the jackal.
The poisoned needle barely misses the jackal.
The jackal barely misses you.
Firing (i - inventory. (,) - cycle):
e - 3 poisoned needles (quivered)
Press: ? - help, Shift-Dir - straight line, f/p - jackal
Aim: a jackal (almost dead, poisoned)
You shoot a poisoned needle.
The poisoned needle barely misses the jackal.
The poisoned needle closely misses the jackal.
You kill the jackal!
Firing (i - inventory. (,) - cycle):
e - 2 poisoned needles (quivered)
Press: ? - help, Shift-Dir - straight line, f - jackal
Aim: a jackal You shoot a poisoned needle.
The poisoned needle barely misses the jackal.
The jackal completely misses you. The jackal bites you.
You die...

#..#.............#
##.#.............# #####
#.#......######## .....
#†.......# .....
##.#'##### ..... #.#.#
..... #.#.# #########
.....
#.#.####.h.(..(#####.....
#.#....#@#####(#.h).g....
#.#....#.# #(#h##.h....
#.#....#.# #h#.##......
#.#....#.# #...##......
#......'.# ######......
##.....### #......
#.....# ####### ##....#
#>..)#


You could see a jackal.

Vanquished Creatures
  Ijyb (D:2)
  An adder (D:2)
  A giant gecko (D:1)
  3 bats (D:1)
  A giant cockroach (D:2)
  A hobgoblin (D:2)
  A jackal (D:1)
  A giant newt (D:1)
  2 goblins (D:1)
  2 kobolds (D:1)
  2 rats
16 creatures vanquished.

Notes
Turn   | Place    | Note
--------------------------------------------------------------
     0 | D:1      | homeworkjunkie the Spriggan Assassin began the quest for the Orb.
     0 | D:1      | Reached XP level 1. HP: 10/10 MP: 2/2
    30 | D:2      | Reached skill level 6 in Stealth
    49 | D:2      | Reached XP level 2. HP: 14/14 MP: 3/3
   173 | D:3      | Noticed DEFE's ghost (amateur SpFi)
   300 | D:2      | Noticed Ijyb
   302 | D:2      | Killed Ijyb
   302 | D:2      | Reached skill level 7 in Stealth
   302 | D:2      | Reached XP level 3. HP: 18/18 MP: 4/4
   518 | D:1      | Slain by a jackal

Action                   || total
-------------------------++-------
Melee: Dagger            ||    20
 Fire: Blowgun           ||     7
 Stab: Sleeping          ||     9
